[Event "Titled Tuesday Blitz January 10 Early 2023"]
[White "Boros, Denes"]
[Black "Manelyuk, Daniil"]
[WhiteFideId "722340"]
[BlackFideId "44173920"]
[WhiteElo "2406"]
[BlackElo "2302"]
[Result "0-1"]
[Round "08"]
[TimeControl "180+2"]
[Date "2023.01.10"]
[WhiteClock "0:00:42"]
[BlackClock "0:00:04"]

1. d4 Nf6 2. Nc3 c5 3. Nf3 g6 4. e4 cxd4 5. Nxd4 Nc6 6. Nxc6 bxc6 7. e5 Nh5 8. Bc4 Ng7 9. O-O Qa5 10. Qf3 Ne6 11. Bd2 Bg7 12. Ne4 Qc7 13. Nf6+ exf6 14. exf6 Bf8 15. Rfe1 Bb7 16. Rad1 d5 17. Bd3 O-O-O 18. c4 dxc4 19. Bxc4 Bd6 20. Be3 Kb8 21. h4 Rhe8 22. b4 c5 23. Bd5 cxb4 24. Kh1 Bxd5 25. Rxd5 a6 26. Rc1 Qb7 27. Qd1 Bc7 28. Rd7 Kc8 29. Rxd8+ Rxd8 30. Qa4 Qb5 31. Qc2 Kb7 32. a3 b3 33. Qb1 Qd3 34. Qb2 Ka8 35. g3 Qd5+ 36. Kg1 Be5 37. Qe2 Kb7 38. Rb1 Rc8 39. Kh2 Rc3 40. a4 Rd3 41. Qe1 Bc3 42. Qe2 b2 43. a5 Qb5 44. Qc2 Bxf6 45. Qe2 Rd5 46. Qf3 Be5 47. Qxf7+ Nc7 48. Qf3 Qc6 49. Qe4 Rb5 50. Qd3 Nd5 51. Bd2 Nc3 52. Bxc3 Qxc3 53. Qd7+ Qc7 54. Qd3 Qc6 55. Re1 Bc7 56. Rb1 Bxa5 57. Qa3 Bc7 58. Rxb2 Rxb2 59. Qxb2+ Qb6 60. Qc2 a5 61. h5 gxh5 62. Qf5 a4 63. Kh3 Qc6 64. Qb1+ Bb6 65. f4 a3 66. Qxh7+ Ka6 67. Qd3+ Kb7 68. Qxa3 Qh1# 0-1


[Site "https://www.chess.com"]

[Event "Titled Tuesday Blitz January 10 Early 2023"]
[White "Seemann, Jakub"]
[Black "Mahdavi, Reza"]
[WhiteFideId "21874697"]
[BlackFideId "12595926"]
[WhiteElo "2446"]
[BlackElo "2339"]
[Result "1-0"]
[Round "08"]
[TimeControl "180+2"]
[Date "2023.01.10"]
[WhiteClock "0:00:36"]
[BlackClock "0:00:58"]

1. d4 Nf6 2. c4 g6 3. Nc3 Bg7 4. e4 d6 5. Be2 O-O 6. h4 c5 7. d5 b5 8. cxb5 a6 9. bxa6 Qa5 10. Kf1 Bxa6 11. Bxa6 Nxa6 12. h5 Nxh5 13. g4 Bxc3 14. gxh5 Bd4 15. Nf3 Bg7 16. Kg2 Qb4 17. Qe2 Nc7 18. a3 Qb5 19. Qc2 Rfb8 20. hxg6 hxg6 21. e5 Nxd5 22. e6 f5 23. Qd2 Nf6 24. Qg5 Ra4 25. Bf4 Qc4 26. Qxg6 Qxe6 27. Rh4 Qf7 28. Rh8+ Kxh8 29. Qxf7 Rxf4 30. Rh1+ Nh7 31. Qh5 Rg4+ 32. Kf1 1-0


[Site "https://www.chess.com"]

[Event "Titled Tuesday Blitz January 10 Early 2023"]
[White "Shipov, Sergei"]
[Black "Iskusnyh, Sergei"]
[WhiteFideId "4113624"]
[BlackFideId "4120027"]
[WhiteElo "2541"]
[BlackElo "2440"]
[Result "1-0"]
[Round "08"]
[TimeControl "180+2"]
[Date "2023.01.10"]
[WhiteClock "0:00:44"]
[BlackClock "0:00:01"]

1. d4 d5 2. c4 c6 3. Nc3 Nf6 4. Nf3 dxc4 5. a4 e6 6. e4 Bb4 7. Bxc4 Nxe4 8. O-O Nf6 9. Bg5 Nbd7 10. Qe2 O-O 11. Rfd1 Qc7 12. Ne5 Re8 13. Rd3 Bf8 14. Rh3 g6 15. Re1 Bg7 16. Bf4 Nxe5 17. dxe5 Nd5 18. Bg3 Nxc3 19. bxc3 b6 20. Qg4 Bb7 21. Qh4 h5 22. Be2 Qd8 23. Qf4 c5 24. Bxh5 gxh5 25. Rxh5 Qd5 26. f3 Rad8 27. Rg5 Qd2 28. Qg4 Qxg5 29. Qxg5 Rd5 30. h4 Red8 31. h5 Kh7 32. Qf4 R5d7 33. Bh4 Rg8 34. Bg5 Bf8 35. Kh2 c4 36. Bh4 Rd5 37. Qxf7+ Bg7 38. Qg6+ 1-0


[Site "https://www.chess.com"]

[Event "Titled Tuesday Blitz January 10 Early 2023"]
[White "Weetik, Vjacheslav"]
[Black "Yuan, Qingyu"]
[WhiteFideId "4153472"]
[BlackFideId "8609772"]
[WhiteElo "2423"]
[BlackElo "2373"]
[Result "0-1"]
[Round "08"]
[TimeControl "180+2"]
[Date "2023.01.10"]
[WhiteClock "0:00:02"]
[BlackClock "0:00:23"]

1. d4 Nf6 2. Nf3 d5 3. c4 e6 4. g3 Bb4+ 5. Bd2 Be7 6. Bg2 O-O 7. O-O Nbd7 8. Qc2 c6 9. Bf4 b6 10. Rd1 Bb7 11. Nc3 dxc4 12. Ne5 Nd5 13. Nxc4 Nxf4 14. gxf4 Qc7 15. e3 Rad8 16. Rac1 c5 17. d5 exd5 18. Bxd5 Nf6 19. Bxb7 Qxb7 20. Qf5 Rfe8 21. a4 g6 22. Qh3 a6 23. Qg2 Qb8 24. Ne5 Qc7 25. Qc6 Bd6 26. Qxc7 Bxc7 27. Nc4 Rb8 28. Nd5 Nxd5 29. Rxd5 Red8 30. Rcd1 Rxd5 31. Rxd5 Rd8 32. Rxd8+ Bxd8 33. Kg2 Kf8 34. e4 Ke7 35. Kf3 Kd7 36. Ne5+ Ke6 37. Ke3 b5 38. axb5 axb5 39. b3 Bb6 40. Kf3 h5 41. h3 Ba5 42. Ke3 Bb6 43. Kd3 Bc7 44. Nc6 Bxf4 45. Na7 b4 46. Kc4 Ke5 47. f3 Be3 48. Nc6+ Kf4 49. Nd8 f6 50. Ne6+ Kxf3 0-1


[Site "https://www.chess.com"]

[Event "Titled Tuesday Blitz January 10 Early 2023"]
[White "Tan, Zhongyi"]
[Black "Andreev, Eduard"]
[WhiteFideId "8603642"]
[BlackFideId "14103400"]
[WhiteElo "2517"]
[BlackElo "2413"]
[Result "0-1"]
[Round "08"]
[TimeControl "180+2"]
[Date "2023.01.10"]
[WhiteClock "0:01:39"]
[BlackClock "0:01:30"]

1. e4 c6 2. d4 d5 3. Nc3 dxe4 4. Nxe4 Nf6 5. Nxf6+ exf6 6. Nf3 Bd6 7. Bd3 O-O 8. O-O Bg4 9. h3 Bh5 10. c3 Re8 11. Bd2 Nd7 12. Be2 Nf8 13. Re1 Bc7 14. Qc2 Qd6 15. g4 Bg6 16. Bd3 Ne6 17. Bxg6 hxg6 18. Kg2 Rad8 19. b4 b5 20. a4 a6 21. axb5 axb5 22. Ra7 Ra8 23. Rea1 Rxa7 24. Rxa7 Qd5 25. Qd3 f5 26. Kg1 fxg4 27. hxg4 Bf4 28. Be1 Ng5 0-1


[Site "https://www.chess.com"]

[Event "Titled Tuesday Blitz January 10 Early 2023"]
[White "Krienke, Makaio"]
[Black "Borges Feria, Yasel"]
[WhiteFideId "2038854"]
[BlackFideId "3504921"]
[WhiteElo "2115"]
[BlackElo "2439"]
[Result "0-1"]
[Round "08"]
[TimeControl "180+2"]
[Date "2023.01.10"]
[WhiteClock "0:00:18"]
[BlackClock "0:00:27"]

1. e4 c5 2. Nf3 d6 3. d4 Nf6 4. Nc3 cxd4 5. Nxd4 a6 6. Bg5 e6 7. Qd2 Be7 8. Be2 h6 9. Be3 b5 10. f3 Bb7 11. g4 Nbd7 12. O-O-O Nb6 13. h4 Rc8 14. g5 Nfd7 15. gxh6 g6 16. Kb1 b4 17. Nd5 exd5 18. exd5 Nxd5 19. Bg5 Qb6 20. Rhe1 Bxg5 21. hxg5 O-O 22. f4 Nc3+ 23. Ka1 Nxd1 24. Rxd1 Nc5 25. Bf3 Kh7 26. Bxb7 Qxb7 27. Ne2 Qe7 28. Qd4 Rg8 29. Ng3 Ne6 30. Qe4 d5 31. Qe5 Rxc2 32. f5 Qxg5 33. Qxd5 Qc1+ 0-1


[Site "https://www.chess.com"]

[Event "Titled Tuesday Blitz January 10 Early 2023"]
[White "Sihite, Chelsie Monica Ignesias"]
[Black "Tanenbaum, Zachary"]
[WhiteFideId "7101198"]
[BlackFideId "2060850"]
[WhiteElo "2266"]
[BlackElo "2261"]
[Result "0-1"]
[Round "08"]
[TimeControl "180+2"]
[Date "2023.01.10"]
[WhiteClock "0:00:45"]
[BlackClock "0:00:05"]

1. e4 e5 2. Nf3 Nc6 3. Bc4 Nf6 4. d3 Be7 5. O-O O-O 6. Bb3 d5 7. Nbd2 Bg4 8. h3 Bh5 9. c3 Bc5 10. Qe2 Re8 11. Rd1 dxe4 12. Nxe4 Nxe4 13. dxe4 Qf6 14. Ba4 Re6 15. g4 Qg6 16. Kh1 Bxg4 17. hxg4 Qxg4 18. Ng1 Qh4+ 19. Kg2 Rg6+ 20. Kf1 Qh1 21. Qf3 Rxg1+ 22. Ke2 Rxd1 23. Bxd1 Qxf3+ 24. Kxf3 Rd8 25. Bb3 Rd6 26. Ke2 Rf6 27. Be3 Bxe3 28. Kxe3 Rd6 29. Rg1 g6 30. Rg2 Kg7 31. f4 exf4+ 32. Kxf4 Rf6+ 33. Ke3 Ne5 34. Kd4 Nc6+ 35. Ke3 Rd6 36. Rf2 Ne5 37. Rf1 f6 38. Rg1 h5 39. Bd1 Nc4+ 40. Kf4 Rd2 41. Bxh5 Rf2+ 42. Kg3 Rxb2 43. Kf3 Ne5+ 44. Ke3 Rxa2 45. Be2 Rc2 46. Rb1 b6 47. Ra1 a5 48. Ra3 g5 49. Rb3 g4 50. Bd1 Ra2 51. Kf4 Rf2+ 52. Kg3 Rd2 53. Bxg4 Rd3+ 54. Kf4 Nxg4 55. Kxg4 a4 56. Rb4 a3 57. Rb3 a2 58. Ra3 Rd2 59. Kf5 Rf2+ 60. Ke6 Kg6 61. Ra8 b5 62. Rg8+ Kh7 63. Rg1 c5 64. Kf7 Rh2 65. Kxf6 b4 66. e5 b3 67. e6 b2 68. e7 Rf2+ 69. Ke6 Re2+ 70. Kf7 Rxe7+ 71. Kf6 b1=Q 72. Rg5 Qf1+ 73. Rf5 Qxf5+ 74. Kxe7 a1=Q 0-1


[Site "https://www.chess.com"]

[Event "Titled Tuesday Blitz January 10 Early 2023"]
[White "Ibadov, Dashgyn"]
[Black "Gurevich, Dmitry"]
[WhiteFideId "24107514"]
[BlackFideId "2000407"]
[WhiteElo "2391"]
[BlackElo "2393"]
[Result "1-0"]
[Round "08"]
[TimeControl "180+2"]
[Date "2023.01.10"]
[WhiteClock "0:01:32"]
[BlackClock "0:00:48"]

1. e4 c5 2. Nc3 g6 3. d4 Bg7 4. dxc5 Na6 5. Nf3 Nxc5 6. Be3 b6 7. Bc4 Bb7 8. O-O Nf6 9. e5 Ng4 10. Bxf7+ Kxf7 11. Ng5+ Kg8 12. Qxg4 Bxe5 13. Rad1 Qf8 14. Bxc5 bxc5 15. Rxd7 1-0


[Site "https://www.chess.com"]

[Event "Titled Tuesday Blitz January 10 Early 2023"]
[White "Le Ruyet, Leopold"]
[Black "Deac, Bogdan-Daniel"]
[WhiteFideId "645923"]
[BlackFideId "1226380"]
[WhiteElo "2245"]
[BlackElo "2700"]
[Result "0-1"]
[Round "08"]
[TimeControl "180+2"]
[Date "2023.01.10"]
[WhiteClock "0:00:03"]
[BlackClock "0:01:19"]

1. c4 g6 2. Nc3 c5 3. g3 Bg7 4. Bg2 Nc6 5. e4 e6 6. Nge2 Nge7 7. O-O O-O 8. d3 d6 9. Be3 Nd4 10. Rb1 a6 11. b4 Rb8 12. b5 axb5 13. Nxb5 Nxe2+ 14. Qxe2 Nc6 15. Rfd1 e5 16. f4 Ra8 17. fxe5 Bxe5 18. Qf2 Be6 19. Bf4 Qe7 20. Qd2 Ra6 21. Bxe5 Nxe5 22. Nc3 Rfa8 23. Rb2 h5 24. Rdb1 R8a7 25. Nb5 Ra8 26. Nc3 Rb8 27. Rb3 h4 28. Ne2 hxg3 29. hxg3 Ra7 30. Nf4 Qg5 31. Qf2 Ng4 32. Nxe6 fxe6 33. Qf4 Qh5 34. Qxd6 Qh2+ 35. Kf1 Rf8+ 36. Qxf8+ Kxf8 0-1


[Site "https://www.chess.com"]

[Event "Titled Tuesday Blitz January 10 Early 2023"]
[White "Gholami Orimi, Mahdi"]
[Black "Yelisieiev, Yevhenii"]
[WhiteFideId "12558486"]
[BlackFideId "14139642"]
[WhiteElo "2420"]
[BlackElo "2418"]
[Result "1-0"]
[Round "08"]
[TimeControl "180+2"]
[Date "2023.01.10"]
[WhiteClock "0:01:09"]
[BlackClock "0:00:16"]

1. d4 d6 2. Nf3 Nf6 3. g3 Nbd7 4. Bg2 e5 5. O-O Be7 6. c4 O-O 7. Nc3 c6 8. e4 a6 9. Qe2 b5 10. Rd1 Qc7 11. Be3 Re8 12. h3 Bb7 13. Rac1 b4 14. Na4 exd4 15. Nxd4 c5 16. Nf5 Bf8 17. f3 Rad8 18. b3 Ne5 19. g4 g6 20. Ng3 Bg7 21. Rc2 Nfd7 22. Rcd2 Nf8 23. Qf2 Ne6 24. h4 Nc6 25. Ne2 Ncd4 26. Nxd4 Nxd4 27. h5 Qe7 28. h6 Be5 29. Nb2 Bh8 30. Nd3 a5 31. Ne1 a4 32. Nc2 Nc6 33. Bf4 Nd4 34. Nxd4 Bxd4 35. Rxd4 cxd4 36. Qxd4 axb3 37. Qg7# 1-0


[Site "https://www.chess.com"]

[Event "Titled Tuesday Blitz January 10 Early 2023"]
[White "Ginzburg, Yakov"]
[Black "Ibarra Jerez, Jose Carlos"]
[WhiteFideId "4157176"]
[BlackFideId "2226332"]
[WhiteElo "2405"]
[BlackElo "2563"]
[Result "1-0"]
[Round "08"]
[TimeControl "180+2"]
[Date "2023.01.10"]
[WhiteClock "0:00:35"]
[BlackClock "0:00:12"]

1. e4 d5 2. exd5 Qxd5 3. Nc3 Qd6 4. d4 Nf6 5. h3 g6 6. Nf3 Bg7 7. Bc4 O-O 8. O-O a6 9. a4 Nc6 10. Be3 Bf5 11. Qe2 Rad8 12. Rad1 Nb4 13. Bb3 Nfd5 14. Nxd5 Nxd5 15. Bg5 h6 16. Bc1 Rfe8 17. Ne5 c5 18. Rfe1 Qb6 19. dxc5 Qxc5 20. Nxf7 Kxf7 21. g4 e6 22. gxf5 gxf5 23. Qh5+ Kf8 24. Bxh6 Rd7 25. Bxd5 Rxd5 26. Bxg7+ Ke7 27. Bf6+ Kd7 28. Qf7+ 1-0


[Site "https://www.chess.com"]

[Event "Titled Tuesday Blitz January 10 Early 2023"]
[White "Pajeken, Jakob Leon"]
[Black "Kobalia, Mikhail"]
[WhiteFideId "12942839"]
[BlackFideId "4119150"]
[WhiteElo "2417"]
[BlackElo "2578"]
[Result "0-1"]
[Round "08"]
[TimeControl "180+2"]
[Date "2023.01.10"]
[WhiteClock "0:00:52"]
[BlackClock "0:00:26"]

1. d4 d5 2. Nf3 Nf6 3. c4 c6 4. b3 Bg4 5. Ne5 Bf5 6. Bb2 e6 7. Nd2 Nbd7 8. f4 Bb4 9. Nd3 Bxd2+ 10. Qxd2 Ne4 11. Qc2 Qh4+ 12. g3 Nxg3 13. hxg3 Qxh1 14. O-O-O Qg1 15. cxd5 exd5 16. Ba3 Qxg3 17. Kb1 O-O-O 18. Bd6 Qg6 19. Bb4 Rde8 20. Kb2 f6 21. Qc3 Re3 22. Rc1 Bxd3 23. exd3 Rhe8 24. Bd6 R8e6 25. Qb4 Qg4 26. Ka3 Qf3 27. f5 Qxf5 28. Bh2 Qf2 0-1


[Site "https://www.chess.com"]

[Event "Titled Tuesday Blitz January 10 Early 2023"]
[White "Crevatin, Leo"]
[Black "Ozen, Bahadir"]
[WhiteFideId "1726307"]
[BlackFideId "6337058"]
[WhiteElo "2292"]
[BlackElo "2369"]
[Result "1/2-1/2"]
[Round "08"]
[TimeControl "180+2"]
[Date "2023.01.10"]
[WhiteClock "0:01:09"]
[BlackClock "0:00:53"]

1. d4 g6 2. e4 Bg7 3. Nf3 d6 4. Nbd2 Nd7 5. Bd3 e5 6. c3 Ngf6 7. O-O O-O 8. Re1 b6 9. a4 a6 10. h3 Bb7 11. b4 exd4 12. cxd4 c5 13. bxc5 bxc5 14. Nc4 Nxe4 15. Bxe4 Bxe4 16. Rxe4 d5 17. Re1 dxc4 18. Bb2 Rb8 19. Bc3 Re8 20. Rxe8+ Qxe8 21. Rc1 Qe4 22. dxc5 Nxc5 23. Bxg7 Kxg7 24. Qd6 Rb1 25. Rxb1 Qxb1+ 26. Kh2 Nxa4 27. Qd4+ Kg8 28. Qd8+ Kg7 29. Qd4+ Kg8 30. Qd8+ Kg7 31. Qd4+ 1/2-1/2


[Site "https://www.chess.com"]

[Event "Titled Tuesday Blitz January 10 Early 2023"]
[White "Al-Tarboush, Ward"]
[Black "Kukhmazov, Arsen"]
[WhiteFideId "7601450"]
[BlackFideId "24108260"]
[WhiteElo "2256"]
[BlackElo "2512"]
[Result "0-1"]
[Round "08"]
[TimeControl "180+2"]
[Date "2023.01.10"]
[WhiteClock "0:00:18"]
[BlackClock "0:00:20"]

1. e4 c6 2. Nf3 d5 3. Nc3 Bg4 4. h3 Bh5 5. d4 e6 6. Bd3 Nf6 7. O-O Bb4 8. e5 Nfd7 9. a3 Be7 10. b4 a5 11. b5 c5 12. Be3 cxd4 13. Bxd4 Nc5 14. g4 Bg6 15. Bxg6 hxg6 16. Kg2 Nbd7 17. Rb1 Nb6 18. Qe2 Nc4 19. a4 Nd7 20. Nd2 Nxd2 21. Qxd2 Bc5 22. f4 Qb6 23. Ne2 Rc8 24. c3 Bxd4 25. cxd4 Rc4 26. f5 exf5 27. gxf5 gxf5 28. Qg5 Rc2 29. Rf2 Qg6 30. Qxg6 fxg6 31. Nf4 Rc4 32. Rd1 Rh4 33. Nxg6 Rhxd4 34. Rxd4 Rxd4 35. Rxf5 Rxa4 36. Nf4 Re4 37. e6 Nf6 38. Kf3 Ke7 39. Nxd5+ Kxe6 40. Nxf6 Rb4 41. Rc5 gxf6 42. b6 a4 43. Ra5 Kd6 44. Kg3 Kc6 45. h4 Kxb6 46. Rf5 a3 47. Rxf6+ Ka5 48. Rf8 Ka4 49. h5 Kb3 50. Rf3+ Ka4 51. Rf8 a2 52. h6 Kb3 53. Rf3+ Kc4 54. Ra3 Rb3+ 0-1


[Site "https://www.chess.com"]

[Event "Titled Tuesday Blitz January 10 Early 2023"]
[White "Bilych, Olexiy"]
[Black "Derjabin, Ilja"]
[WhiteFideId "14156504"]
[BlackFideId "14104768"]
[WhiteElo "2441"]
[BlackElo "2333"]
[Result "1-0"]
[Round "08"]
[TimeControl "180+2"]
[Date "2023.01.10"]
[WhiteClock "0:00:44"]
[BlackClock "0:00:02"]

1. Nf3 c5 2. e4 d6 3. d4 cxd4 4. Nxd4 Nf6 5. Nc3 a6 6. Bg5 e6 7. f4 Be7 8. Qf3 Nbd7 9. O-O-O h6 10. Bh4 Qc7 11. Be2 b5 12. Qg3 g5 13. fxg5 hxg5 14. Bxg5 b4 15. Ndb5 axb5 16. Nxb5 Qc6 17. Nxd6+ Bxd6 18. Rxd6 Nxe4 19. Qh4 Rxh4 20. Rxc6 Rh8 21. Bf4 e5 22. Bf3 exf4 23. Bxe4 Rb8 24. h4 Bb7 25. Rc4 Bxe4 26. Rxe4+ Kf8 27. Rxf4 Ne5 28. g4 Rc8 29. Kb1 Rc4 30. Rxc4 Nxc4 31. b3 Nd2+ 32. Kb2 Nf3 33. Rf1 Nxh4 34. Rf4 Ng6 35. Rxb4 Rh4 36. a4 Ne5 37. a5 Rh6 38. Rb8+ Ke7 39. b4 Nxg4 40. b5 Ne5 41. a6 Nc4+ 42. Kc3 Nd6 43. Kb4 Rh4+ 44. Kb3 1-0


[Site "https://www.chess.com"]

[Event "Titled Tuesday Blitz January 10 Early 2023"]
[White "Halkias, Stelios"]
[Black "Bilan, Danila"]
[WhiteFideId "4201809"]
[BlackFideId "24161918"]
[WhiteElo "2511"]
[BlackElo "2303"]
[Result "1-0"]
[Round "08"]
[TimeControl "180+2"]
[Date "2023.01.10"]
[WhiteClock "0:00:17"]
[BlackClock "0:00:01"]

1. Nf3 d5 2. d4 Nf6 3. c4 c6 4. Nc3 e6 5. g3 Nbd7 6. Bg2 Be7 7. Qd3 O-O 8. O-O b6 9. b3 Ba6 10. e4 c5 11. exd5 exd5 12. Nb5 Bxb5 13. cxb5 Rc8 14. Bf4 c4 15. Qf5 g6 16. Qc2 Ne4 17. bxc4 Rxc4 18. Qd3 Rc3 19. Qd1 Bf6 20. Ne5 Nxe5 21. dxe5 Bg7 22. Re1 Qe8 23. Qxd5 Nc5 24. a4 Nd3 25. Re2 Nxf4 26. gxf4 Qc8 27. Rae1 Rd8 28. Qe4 Rc1 29. h3 Qc3 30. Rxc1 Qxc1+ 31. Re1 Qc5 32. f5 gxf5 33. Qxf5 Qc3 34. Re3 Rd1+ 35. Kh2 Qc7 36. Rg3 Kf8 37. f4 Qc5 38. h4 Qg1+ 39. Kh3 Bh6 40. Qc8+ Ke7 41. f5 Rd7 42. f6+ Ke6 43. Qc6+ Kxe5 44. Qxd7 1-0


[Site "https://www.chess.com"]

[Event "Titled Tuesday Blitz January 10 Early 2023"]
[White "Ioannidis, Evgenios"]
[Black "Srebrnic, Marko"]
[WhiteFideId "4229274"]
[BlackFideId "14603616"]
[WhiteElo "2467"]
[BlackElo "2366"]
[Result "0-1"]
[Round "08"]
[TimeControl "180+2"]
[Date "2023.01.10"]
[WhiteClock "0:00:16"]
[BlackClock "0:01:33"]

1. d4 Nf6 2. c4 d6 3. Nf3 g6 4. Nc3 Bg7 5. g3 O-O 6. Bg2 Nbd7 7. O-O a6 8. e4 e5 9. Re1 exd4 10. Nxd4 Ng4 11. h3 Qf6 12. hxg4 Qxd4 13. Qxd4 Bxd4 14. Nd5 c6 15. Ne7+ Kg7 16. Rd1 Bc5 17. b4 Bxb4 18. Bb2+ f6 19. g5 Ne5 20. gxf6+ Kf7 21. Nxc8 Raxc8 22. Bxe5 dxe5 23. Rab1 a5 24. a3 Bxa3 25. Rxb7+ Kxf6 26. Rxh7 Bc5 27. Rd3 Kg5 28. Bf3 Rcd8 29. Rxd8 Rxd8 30. Kf1 Rd2 31. Be2 a4 32. Rf7 a3 33. f4+ exf4 34. gxf4+ Kh6 0-1


[Site "https://www.chess.com"]

[Event "Titled Tuesday Blitz January 10 Early 2023"]
[White "Santos Ruiz, Miguel"]
[Black "Janaszak, Dawid"]
[WhiteFideId "22291482"]
[BlackFideId "1119206"]
[WhiteElo "2590"]
[BlackElo "2316"]
[Result "1-0"]
[Round "08"]
[TimeControl "180+2"]
[Date "2023.01.10"]
[WhiteClock "0:01:06"]
[BlackClock "0:00:06"]

1. d3 d5 2. Nf3 Nf6 3. g3 Nc6 4. Bg2 e5 5. O-O Be7 6. c3 O-O 7. Qc2 e4 8. Nd4 Nxd4 9. cxd4 Bf5 10. dxe4 Bxe4 11. Qb3 Bxg2 12. Kxg2 b6 13. Nc3 c5 14. Bg5 c4 15. Qc2 h6 16. Bxf6 Bxf6 17. e3 Qd7 18. a4 a6 19. Qe2 b5 20. axb5 axb5 21. Qf3 Rad8 22. Ra5 b4 23. Nxd5 Be7 24. Rc1 c3 25. bxc3 b3 26. Rb1 Rb8 27. c4 Bd8 28. Ra3 b2 29. Ra2 Qc8 30. c5 Qb7 31. Nb6 Qxf3+ 32. Kxf3 Bxb6 33. cxb6 Rxb6 34. Raxb2 Rf6+ 35. Ke2 g6 36. Rb8 Ra6 37. Rxf8+ Kxf8 38. Rb2 Ke7 39. g4 Kf6 40. h4 Ra1 41. Rb6+ Ke7 42. Rb7+ Ke6 43. Rb6+ Ke7 44. h5 gxh5 45. gxh5 f6 46. Rb7+ Ke6 47. Rh7 Kf5 48. Rxh6 Kg5 49. Rh8 Rh1 50. h6 Kg6 51. d5 f5 52. d6 1-0


[Site "https://www.chess.com"]

[Event "Titled Tuesday Blitz January 10 Early 2023"]
[White "Novik, Maxim"]
[Black "Zahid, Sanatan"]
[WhiteFideId "4102924"]
[BlackFideId "10201963"]
[WhiteElo "2436"]
[BlackElo "1930"]
[Result "0-1"]
[Round "08"]
[TimeControl "180+2"]
[Date "2023.01.10"]
[WhiteClock "0:00:31"]
[BlackClock "0:02:05"]

1. d4 Nf6 2. c4 e6 3. Nc3 Bb4 4. e3 b6 5. Nf3 Bb7 6. Bd3 O-O 7. Qc2 d6 8. e4 Nbd7 9. Bg5 h6 10. Bh4 e5 11. d5 Nc5 12. Be2 g5 13. Bg3 Nfxe4 14. h4 g4 15. Nd2 f5 16. Ndxe4 Nxe4 17. O-O-O Bxc3 18. bxc3 h5 19. Bd3 Qf6 20. Bxe4 fxe4 21. Qxe4 Qh6+ 22. Kb2 Bc8 23. f3 Bf5 24. Qe2 gxf3 25. gxf3 Kh7 26. Rhg1 Rg8 27. Bf2 Qf6 28. Be3 Rxg1 29. Rxg1 Rg8 30. Bg5 Qf7 31. f4 e4 32. a4 a5 33. Qe3 Qg7 34. Rg3 Re8 35. Kc2 Rg8 36. Kd2 Qd7 37. Bf6 Rg4 38. Rxg4 hxg4 39. h5 Qxa4 40. Qg3 Qa2+ 41. Ke3 Qxc4 42. Qh4 Qd3+ 43. Kf2 e3+ 44. Kg1 Qd1+ 45. Kh2 Qe2+ 46. Kg1 Be4 47. Qg3 Qd1+ 0-1


[Site "https://www.chess.com"]

[Event "Titled Tuesday Blitz January 10 Early 2023"]
[White "Starozhilov, Leonid"]
[Black "Bazarov, Konstantin"]
[WhiteFideId "14106752"]
[BlackFideId "4137000"]
[WhiteElo "2313"]
[BlackElo "2235"]
[Result "1-0"]
[Round "08"]
[TimeControl "180+2"]
[Date "2023.01.10"]
[WhiteClock "0:00:06"]
[BlackClock "0:00:06"]

1. e4 c6 2. d3 g6 3. Nd2 Bg7 4. f4 d5 5. Ngf3 Bg4 6. g3 e6 7. Bg2 Ne7 8. O-O O-O 9. Kh1 Nd7 10. c3 Qb6 11. Qe2 Rad8 12. h3 Bxf3 13. Nxf3 dxe4 14. dxe4 Qc7 15. Be3 Nb6 16. h4 c5 17. a4 Qc6 18. Ne5 Qc7 19. a5 Nd7 20. Nc4 Nc8 21. e5 f6 22. exf6 Nxf6 23. Rad1 Nd5 24. Rfe1 Rfe8 25. Bf2 Qf7 26. Bh3 Nc7 27. Rxd8 Rxd8 28. Bxc5 Rd5 29. Bf2 Nd6 30. Nxd6 Rxd6 31. Bxa7 Qd7 32. Be3 Qa4 33. Bb6 Qc6+ 34. Bg2 Qd7 35. Bxb7 Rd2 36. Qf3 Rxb2 37. Rd1 Qe7 38. Bc6 Ne8 39. Be3 Nf6 40. Rd2 Rb1+ 41. Kg2 h5 42. a6 Ng4 43. a7 Ra1 44. a8=Q+ Rxa8 45. Bxa8 Qa3 46. Be4 Qxc3 47. Re2 Qc7 48. Bxg6 Nf6 49. Bxh5 Nd5 50. Bg4 Qc4 51. Bf2 Nc7 52. Qe4 Kf7 53. Qxc4 1-0


[Site "https://www.chess.com"]

[Event "Titled Tuesday Blitz January 10 Early 2023"]
[White "Domingo Nunez, Ruben"]
[Black "Kvaloy, Aksel Bu"]
[WhiteFideId "22245570"]
[BlackFideId "1528815"]
[WhiteElo "2416"]
[BlackElo "2321"]
[Result "1-0"]
[Round "08"]
[TimeControl "180+2"]
[Date "2023.01.10"]
[WhiteClock "0:02:11"]
[BlackClock "0:01:26"]

1. e4 e5 2. Nf3 Nf6 3. Nxe5 Nc6 4. Nxc6 dxc6 5. Nc3 Bc5 6. h3 h5 7. d3 Be6 8. Be2 Qd6 9. Bg5 O-O-O 10. Qd2 Bd4 11. Be3 c5 12. O-O-O Qa6 13. a3 Nd7 14. f4 f6 15. Bf3 Nb6 16. Ne2 Bxb2+ 17. Kxb2 Nc4+ 18. dxc4 Rxd2 19. Rxd2 Qxc4 20. Nc3 Rd8 21. Rxd8+ Kxd8 22. Rd1+ Ke7 23. Be2 1-0


[Site "https://www.chess.com"]

[Event "Titled Tuesday Blitz January 10 Early 2023"]
[White "Tikhonov, Viacheslav"]
[Black "Arabidze, Meri"]
[WhiteFideId "44196407"]
[BlackFideId "13604040"]
[WhiteElo "2220"]
[BlackElo "2441"]
[Result "0-1"]
[Round "08"]
[TimeControl "180+2"]
[Date "2023.01.10"]
[WhiteClock "0:00:03"]
[BlackClock "0:00:14"]

1. d4 f5 2. Bg5 Nf6 3. Bxf6 exf6 4. c4 g6 5. h4 d5 6. cxd5 Qxd5 7. Nc3 Bb4 8. e3 Nc6 9. h5 g5 10. h6 Be6 11. Be2 O-O-O 12. Bf3 Qa5 13. Ne2 Ne5 14. Qc2 Nxf3+ 15. gxf3 Bd5 16. Qxf5+ Kb8 17. O-O-O Bc4 18. Qxa5 Bxa5 19. Ng3 c6 20. Nge4 Rhf8 21. b3 Be6 22. Kc2 Bc7 23. Nc5 Bc8 24. Kb2 f5 25. Rdg1 g4 26. f4 Rf6 27. Rh5 b6 28. Nd3 c5 29. d5 Bb7 30. Ne5 a6 31. Rd1 Kc8 32. Rg5 b5 33. Rg7 Rxh6 34. Nf7 Rh2 35. Nxd8 Rxf2+ 36. Kb1 Bxd8 37. Rg8 Rf3 38. Rh1 Rxe3 39. Kb2 Re7 40. Rh6 Kd7 41. Re6 Bc7 42. Rxe7+ Kxe7 43. Rg7+ Kd6 44. Rxh7 b4 45. Na4 Bxd5 46. Nxc5 Kxc5 47. Rxc7+ Kd4 48. Rg7 Ke4 49. Kc2 Kxf4 50. Kd3 g3 51. Ke2 Bf3+ 52. Kf1 Be4 53. Ra7 Ke3 54. Kg1 f4 55. Rxa6 f3 56. Rf6 f2+ 57. Kf1 Bd3+ 58. Kg2 f1=Q+ 59. Rxf1 Bxf1+ 60. Kxf1 Kd3 61. Kg2 Kc3 62. Kxg3 Kb2 63. Kf4 Kxa2 64. Ke3 Kxb3 65. Kd2 Kb2 0-1


[Site "https://www.chess.com"]

[Event "Titled Tuesday Blitz January 10 Early 2023"]
[White "Skvortsov, Andrei"]
[Black "Buksa, Nataliya"]
[WhiteFideId "24108600"]
[BlackFideId "14123622"]
[WhiteElo "2313"]
[BlackElo "2406"]
[Result "1-0"]
[Round "08"]
[TimeControl "180+2"]
[Date "2023.01.10"]
[WhiteClock "0:00:15"]
[BlackClock "0:00:47"]

1. e3 c5 2. d4 d5 3. Nf3 cxd4 4. exd4 Nf6 5. c4 Nc6 6. Nc3 Bg4 7. Be3 e6 8. h3 Bh5 9. Qb3 Qb6 10. c5 Qxb3 11. axb3 Bxf3 12. gxf3 e5 13. dxe5 Nxe5 14. O-O-O Rc8 15. b4 a5 16. Bb5+ Ned7 17. Nxd5 Rc6 18. Nxf6+ gxf6 19. Bxc6 bxc6 20. bxa5 Bxc5 21. Kc2 Bxe3 22. Rhe1 Ne5 23. Rxe3 O-O 24. f4 Nc4 25. Rg3+ Kh8 26. b4 c5 27. Kc3 Na3 28. bxc5 Rb8 29. c6 h5 30. Re3 Rc8 31. Kb4 Nc2+ 32. Kb5 Rb8+ 33. Kc5 Nb4 34. c7 Na6+ 35. Kd6 Rc8 36. Rc3 Nxc7 37. Rxc7 Ra8 38. Ke7 Kg7 39. Rg1+ Kh6 40. Kxf7 h4 41. Rc5 Ra6 42. Rg6+ Kh7 43. Rh5# 1-0


[Site "https://www.chess.com"]